 Dungeon Crawl Stone Soup version 0.31-a0-198-g2ad674f65e (webtiles) character file.

Game seed: 16697603342704347048

47 qw the Shooter (level 3, 0/20 HPs)
             Began as a Deep Elf Hunter on June 25, 2023.
             Succumbed to an orc's poison
             ... on level 2 of the Dungeon.
             The game lasted 00:00:22 (1218 turns).

qw the Shooter (Deep Elf Hunter)                    Turns: 1218, Time: 00:00:23

Health: 0/20       AC:  3    Str: 10    XL:     3   Next: 48%
Magic:  5/5        EV: 12    Int: 13    God:
Gold:   110        SH:  0    Dex: 18    Spells: 2/2 levels left

rFire   . . .        Y - +0 shortbow
rCold   . . .        (shield currently unavailable)
rNeg    . . .        c - +0 leather armour
rPois   .            (no helmet)
rElec   .            (no cloak)
rCorr   .            (no gloves)
SInv    .            (no boots)
Will    .....        (no amulet)
Stlth   ++           (no ring)
HPRegen 0.23/turn    (no ring)
MPRegen 0.09/turn

%: no passive effects
@: lethally poisoned (0 -> -12)
A: no striking features
a: no special abilities


You were on level 2 of the Dungeon.
You visited 1 branch of the dungeon, and saw 2 of its levels.

You collected 110 gold pieces.


   Skills:
 - Level 1.5 Fighting
 + Level 7.0 Ranged Weapons
 - Level 2.4 Dodging
 - Level 1.2 Stealth


You had 2 spell levels left.
You didn't know any spells.
Your spell library was empty.

Inventory:

Hand Weapons
 Y - a +0 shortbow (weapon)
Armour
 a - a +0 ring mail
 b - a +0 pair of boots
 c - a +0 leather armour (worn)
Potions
 d - a potion of might {unknown}
 e - a potion of curing {unknown}
 f - a potion of brilliance {unknown}

Dungeon Overview and Level Annotations

Branches:
Dungeon (2/15)

Altars:


Message History

Enter note: A goblin comes into view. It is wielding a +0 club.
The goblin shouts!
Enter note:
Enter note: You shoot an arrow.
The arrow hits the goblin!
You kill the goblin! 4 orcs come into view.
An orc is wielding a +1 hand axe of venom and wearing a +0 ring mail of fire resistance.
Found a stone staircase leading down.
The orc shouts! x3
Enter note:
Enter note: You shoot an arrow.
The orc shouts!
The arrow hits the orc but does no damage.
The orc misses you.
You shoot an arrow.
The arrow hits the orc but does no damage.
You shoot an arrow. The arrow hits the orc.
The orc is almost dead.
You shoot an arrow. The arrow hits the orc.
You kill the orc!
The orc hits you with a +1 hand axe of venom.
You are poisoned.
Your Ranged Weapons skill increases to level 7!
You shoot an arrow. The arrow hits the orc.
The orc is lightly wounded.
You feel very sick. The orc closely misses you.
You shoot an arrow. The arrow closely misses the orc.
You feel sick.
The orc hits you with a +1 hand axe of venom.
You are lethally poisoned!
You shoot an arrow. The arrow hits the orc!
You kill the orc!
You feel very sick.
You shoot an arrow. The arrow hits the orc.
The orc is lightly wounded.
You die...

#.. #. #.# #.
#.# #> #.# #.
#.# #o #.# # #.
#.# #
#o###.########.#
#
#.@............#
#########.####.#
#.# #.# #.# #.#
#.#### #.#
#..... #.#
######
#.######...


You could see 2 orcs.

Vanquished Creatures
  3 dart slugs (D:1)
  2 orcs (D:2)
  2 bats (D:1)
  6 endoplasms
  A giant cockroach (D:2)
  2 goblins
  4 hobgoblins
  2 kobolds (D:1)
  3 quokkas (D:1)
  4 ball pythons (D:1)
  3 frilled lizards
  5 rats
37 creatures vanquished.

Notes
Turn   | Place    | Note
-------+----------+-------------------------------------------
     0 | D:1      | qw the Deep Elf Hunter began the quest for the Orb.
     0 | D:1      | Reached XP level 1. HP: 12/12 MP: 3/3
     0 | D:1      | 0 ||| qw: Version: 0.3-a-22-g0ed2b0b
     0 | D:1      | 0 ||| qw: Game counter: 5436
     0 | D:1      | 0 ||| qw: Melee chars always use a shield: true
     0 | D:1      | 0 ||| qw: God list: Okawaru
     0 | D:1      | 0 ||| qw: Allow faded altars: false
     0 | D:1      | 0 ||| qw: Do Orc after clearing Dungeon:15 true
     0 | D:1      | 0 ||| qw: Do second Lair branch before Depths: true
     0 | D:1      | 0 ||| qw: Lair rune preference: random
     0 | D:1      | 0 ||| qw: Goals: Normal
     0 | D:1      | 0 ||| PLANNING D:1-11
   256 | D:1      | Reached skill level 6 in Ranged Weapons
   256 | D:1      | Reached XP level 2. HP: 16/16 MP: 4/4
   586 | D:1      | 586 ||| FLEEEEING.
   588 | D:1      | 588 ||| FLEEEEING.
   618 | D:1      | Reached XP level 3. HP: 20/20 MP: 5/5
   930 | D:1      | 930 ||| READING scroll labelled MASUEXZYINT.
   935 | D:1      | 935 ||| READING scroll labelled AMNEDW NONOTAN.
   936 | D:1      | 936 ||| DROPPING scroll of butterflies.
  1215 | D:2      | Reached skill level 7 in Ranged Weapons
  1217 | D:2      | HP: 3/20 [poisoned by an orc]
  1218 | D:2      | Succumbed to an orc's poison

Levels and vault maps discovered:
D:1:      evilmike_arrival_crescent, layout_loops_corners, nrook_mini_backslash
D:2:      layout_loops_ring

Skill      XL: |  1  2  3 |
---------------+----------+-----
Ranged Weapons | 6 7 |  7.0
Fighting       | |  1.5
Dodging        | |  2.4
Stealth        | |  1.2

Action                     || total
---------------------------++-------
   Fire: Shortbow          ||    81
    Use: Scroll            ||     2
 Armour: Leather armour    ||     4
  Dodge: Dodged            ||    14

Table legend:
 A = Non-vault XP
 B = Vault XP
 C = Vault XP percentage of total XP
 D = Non-vault monster count
 E = Vault monster count
 F = Vault count percentage of total count
                 A         B        C        D         E       F
            +---------+---------+-------+---------+---------+-------
      Total |      68 |       0 |   0.0 |      37 |       0 |   0.0
            +---------+---------+-------+---------+---------+-------
        D:1 |      46 |       0 |   0.0 |      25 |       0 |   0.0
        D:2 |      22 |       0 |   0.0 |      12 |       0 |   0.0
            +---------+---------+-------+---------+---------+-------
